 Dungeon Crawl Stone Soup version 0.29-a0-214-g17f627cfee (webtiles) character file.

Game seed: 6064449647682179225

23 mcwallace the Digger (level 3, -4/26 HPs)
             Began as a Formicid Earth Elementalist on Feb 24, 2022.
             Slain by a worm (7 damage)
             ... on level 2 of the Dungeon.
             The game lasted 00:02:17 (1360 turns).

mcwallace the Digger (Formicid Earth Elementalist)  Turns: 1360, Time: 00:02:18

Health: -4/26      AC:  3    Str: 12    XL:     3   Next: 10%
Magic:  5/6        EV: 11    Int: 14    God:
Gold:   38         SH:  0    Dex: 13    Spells: 5/6 levels left

rFire   . . .      SeeInvis +   c - +0 hand axe {axe}
rCold   . . .      Faith    .   (no shield)
rNeg    . . .      Spirit   .   i - +0 leather armour
rPois   .          Reflect  .   (helmet unavailable)
rElec   .          Harm     .   (no cloak)
rCorr   .          Rampage  .   (no gloves)
Will    .....                   (no boots)
Stlth   ++........              (no amulet)
HPRegen 0.08/turn               (no ring)
MPRegen 0.10/turn               (no ring)

@: no status effects
A: permanent stasis, dig shafts and tunnels, antennae 3, four strong arms
a: Dig, Shaft Self


You were on level 2 of the Dungeon.
You visited 1 branch of the dungeon, and saw 2 of its levels.

You collected 38 gold pieces.


Innate Abilities, Weirdness & Mutations

You cannot be hasted, slowed, berserked, paralysed or teleported.
You can dig through walls and to a lower floor.
You have a pair of large antennae on your head. (SInv)
Your four strong arms can wield two-handed weapons with a shield.


   Skills:
 * Level 1.4 Fighting
 + Level 0.9 Armour
 + Level 1.9 Dodging
 - Level 2.4 Stealth
 + Level 2.3 Spellcasting
 + Level 1.4 Transmutations
 + Level 3.7 Earth Magic


You had 5 spell levels left.
You knew the following spells:

 Your Spells              Type           Power      Damage    Failure   Level
a - Sandblast             Erth           24%        2d8       6%          1

Your spell library contained the following spells:

 Spells                   Type           Power      Damage    Failure   Level
 Passwall                 Tmut/Erth      6%         N/A       16%         2
 Stone Arrow              Conj/Erth      12%        3d7       38%         3
 Ignite Poison            Fire/Tmut/Pois 2%         N/A       58%         3
 Mephitic Cloud           Conj/Pois/Air  1%         N/A       65%         3
 Petrify                  Tmut/Erth      8%         N/A       69%         4
 Freezing Cloud           Conj/Ice/Air   0%         6-21      100%        5

Inventory:

Hand Weapons
 c - a +0 hand axe (weapon) {axe}
   (You found it on level 1 of the Dungeon)
Missiles
 a - 38 stones {throwing}
Armour
 b - a +0 robe
 i - a +0 leather armour (worn)
   (You found it on level 1 of the Dungeon)
 j - a +0 scale mail
   (You found it on level 1 of the Dungeon)
 k - a +0 ring mail
   (You found it on level 1 of the Dungeon)
 l - a +0 chain mail
   (You found it on level 1 of the Dungeon)
Scrolls
 e - 2 scrolls of teleportation {unknown}
 g - a scroll of enchant armour {unknown}
Potions
 d - a potion of heal wounds {unknown}
 f - a potion of lignification {unknown}
 h - a potion of mutation {unknown}

Dungeon Overview and Level Annotations

Branches:
Dungeon (2/15)

Altars:

..........#...........w
####.####.#.#.....?†w..
................##♣.≈
###..>............≈≈.≈
###........#.....♣≈≈.≈
..........<....#♣≈≈≈.P
.#.............♣≈≈≈.≈
#.............♣≈P≈.≈
##.#.#@w.........≈≈≈≈.P
.......w..........♣≈P≈
.##.#.####.#..##.##♣≈≈.
#$ ♣......... ≈≈. #
≈♣...#.... ≈. ≈ ≈≈♣#...
h P≈♣ .♣ { ≈≈♣


You could see 2 worms.


Message History

Confirm with . or Enter, or press ? or * to list all spells.
Aiming: Sandblast (safe; 6% risk of failure)
Press: ? - help, Shift-Dir - straight line, f/p - hobgoblin
Aim: a hobgoblin (79% to hit)
The blast of sand hits the hobgoblin!
You kill the hobgoblin! 😨 MP[-1]
You lost 1 mp, and now have 1/6 mp.
Casting: Sandblast (safe; 6% risk of failure)
Confirm with . or Enter, or press ? or * to list all spells.
Aiming: Sandblast (safe; 6% risk of failure)
Press: ? - help, Shift-Dir - straight line, f - you That would be overly suicidal.
Okay, then.
Casting: Sandblast (safe; 6% risk of failure)
Confirm with . or Enter, or press ? or * to list all spells.
Aiming: Sandblast (safe; 6% risk of failure)
Press: ? - help, Shift-Dir - straight line, f - worm
Aim: a worm (93% to hit)
The blast of sand hits the worm. 😨 MP[-1]
You lost 1 mp, and now have 0/6 mp.
Casting: Sandblast (safe; 6% risk of failure)
Confirm with . or Enter, or press ? or * to list all spells.
You don't have enough magic to cast this spell.
Casting: Sandblast (safe; 6% risk of failure)
Confirm with . or Enter, or press ? or * to list all spells.
Okay, then. 😨 MP[+1] 😨 HP[+1]
Casting: Sandblast (safe; 6% risk of failure)
Confirm with . or Enter, or press ? or * to list all spells.
Okay, then. 😨 MP[+1]
A quokka comes into view.
You open the door.
There is an open door here.
The quokka bites you.
* * * LOW HITPOINT WARNING * * *
The quokka barely misses you. 😨 HP[-3]
You take 3 damage, and now have 7/26 hp.
You see here a scroll labelled OJUSED FINOGE. 😨 HP[+1]
Casting: Sandblast (safe; 6% risk of failure)
Confirm with . or Enter, or press ? or * to list all spells.
Aiming: Sandblast (safe; 6% risk of failure)
Press: ? - help, Shift-Dir - straight line, f - quokka
Aim: a quokka (71% to hit)
The blast of sand hits the quokka!
You kill the quokka! 😨 MP[-1]
You lost 1 mp, and now have 1/6 mp. 😨 MP[+1]
There is a stone staircase leading up here.
You climb upwards.
There is a stone staircase leading down here.
You start resting. 😨 HP[+3] MP[+4]
You regained 3 hp, and now have 11/26 hp.
Your mp is fully restored (6).
You start resting. 😎 HP[+15]
Your hp is fully restored (26).
You climb downwards.
There is a stone staircase leading up here.
A jackal comes into view.
The blast of sand hits the worm! 😎 MP[-1]
You lost 1 mp, and now have 5/6 mp.
The blast of sand hits the worm. 😎 MP[-1]
You lost 1 mp, and now have 4/6 mp.
You barely miss the worm. The worm completely misses you.
You barely miss the worm. The worm bites you! 😮 HP[-8]
You take 8 damage, and now have 18/26 hp.
MASSIVE DAMAGE!! (PAUSE)
You hit the worm. 😮 HP[+1]
You hit the worm. The worm barely misses you.
You hit the worm but do no damage. The worm bites you!
* * * LOW HITPOINT WARNING * * *
😨 HP[-8]
You take 8 damage, and now have 11/26 hp.
MASSIVE DAMAGE!! (PAUSE)
You hit the worm but do no damage. The worm barely misses you. 😨 MP[+1]
You hit the worm but do no damage. You hit the worm. The worm bites you.
* * * LOW HITPOINT WARNING * * *
😨 HP[-1]
You take 1 damage, and now have 10/26 hp.
You barely miss the worm. The worm bites you!
* * * LOW HITPOINT WARNING * * *
😱 HP[-7]
You take 7 damage, and now have 3/26 hp.
MASSIVE DAMAGE!! (PAUSE)
The worm bites you!
You die...

Skill      XL: |  1  2 |
---------------+-------+-----
Fighting       | 1 |  1.4
Armour         | |  0.9
Dodging        | |  1.9
Stealth        | |  2.4
Spellcasting   | |  2.3
Transmutations | |  1.4
Earth Magic    | |  3.7

Action                   || total
-------------------------++-------
Melee: Hand axe          ||    21
 Cast: Sandblast         ||    21
 Stab: Sleeping          ||     1
Armor: Robe              ||     2
       Leather armour    ||     6
Dodge: Dodged            ||    29

Levels and vault maps discovered:
D:1:      dpeg_arrival_oval, layout_loops_ring,
          hellmonk_ecumenical_altar_leap_of_faith, minmay_worlds_worst_comb
D:2:      layout_basic, serial_bayou_lagoon_b

Notes
Turn   | Place    | Note
-------+----------+-------------------------------------------
     0 | D:1      | mcwallace the Formicid Earth Elementalist began the quest
                  | for the Orb.
     0 | D:1      | Reached XP level 1. HP: 13/13 MP: 3/3
     0 | D:1      | magus.rc [v1.9.6]
    41 | D:1      | You add the spells Ignite Poison, Mephitic Cloud and
                  | Freezing Cloud to your library.
   256 | D:1      | Reached XP level 2. HP: 17/20 MP: 5/5
   427 | D:1      | Reached skill level 1 in Fighting
   728 | D:1      | Found a faded altar of an unknown god.
  1093 | D:2      | Reached XP level 3. HP: 9/26 MP: 3/6
  1359 | D:2      | HP: 3/26 [worm (7)]
  1360 | D:2      | Slain by a worm

Vanquished Creatures
  A dart slug (D:1)
  2 bats (D:1)
  2 endoplasms (D:1)
  2 giant cockroaches (D:1)
  2 goblins (D:1)
  2 hobgoblins (D:2)
  2 quokkas
  2 ball pythons
  3 frilled lizards (D:1)
18 creatures vanquished.

Vanquished Creatures (others)
  A plant (D:2)
1 creature vanquished.

Grand Total: 19 creatures vanquished

Table legend:
 A = Non-vault XP
 B = Vault XP
 C = Vault XP percentage of total XP
 D = Non-vault monster count
 E = Vault monster count
 F = Vault count percentage of total count
                 A         B        C        D         E       F
            +---------+---------+-------+---------+---------+-------
      Total |      29 |       4 |  12.1 |      16 |       2 |  11.1
            +---------+---------+-------+---------+---------+-------
        D:1 |      22 |       4 |  15.4 |      12 |       2 |  14.3
        D:2 |       7 |       0 |   0.0 |       4 |       0 |   0.0
            +---------+---------+-------+---------+---------+-------

Illustrated notes

Table legend:
 A = Kills in this place as a percentage of kills in entire the game.
 B = Kills by you in this place as a percentage of kills by you in the entire game.
 C = Kills by friends in this place as a percentage of kills by friends in the entire game.
 D = Other kills in this place as a percentage of other kills in the entire game.
 E = Experience gained in this place as a percentage of experience gained in the entire game.
 F = Experience gained in this place divided by the number of levels of this place that you have seen.
                   A       B       C       D       E      F
               +-------+-------+-------+-------+-------+----------------------
         Total | 100.0 | 100.0 |   N/A |   N/A | 100.0 |  16.5
       Dungeon | 100.0 | 100.0 |   N/A |   N/A | 100.0 |  16.5
               +-------+-------+-------+-------+-------+----------------------

Table legend: (Time is in decaauts)
 A = Elapsed time spent in this place.
 B = Non-inter-level travel time spent in this place.
 C = Inter-level travel time spent in this place.
 D = Time resting spent in this place.
 E = Time spent auto-exploring this place.
 F = Levels seen in this place.
 G = Mean time per level.
                   A        B        C        D        E       F      G
               +--------+--------+--------+--------+--------+-----+--------+
         Total |   1367 |   1246 |    121 |    318 |    726 |   2 |  683.5 |
       Dungeon |   1367 |   1246 |    121 |    318 |    726 |   2 |  683.5 |
               +--------+--------+--------+--------+--------+-----+--------+

Top non-repeatable levels by time:
     D:1: 1287 daAuts
     D:2: 79 daAuts
